 Dungeon Crawl Stone Soup version 0.31-a0-180-g519b7de00c (webtiles) character file.

Game seed: 9636805257046841488

63 Ijustatesigmund the Stinger (level 4, 0/28 HPs)
             Began as an Octopode Venom Mage on June 20, 2023.
             Slain by a gnoll
             ... wielding a +0 club
              (3 damage)
             ... on level 2 of the Dungeon.
             The game lasted 00:02:46 (1143 turns).

Ijustatesigmund the Stinger (Octopode Venom Mage)   Turns: 1143, Time: 00:02:46

Health: 0/28       AC:  1    Str:  7    XL:     4   Next: 10%
Magic:  4/8        EV: 13    Int: 19    God:
Gold:   65         SH:  0    Dex: 12    Spells: 2/8 levels left

rFire   . . .        c - +0 short sword
rCold   . . .        (no shield)
rNeg    . . .        (helmet restricted)
rPois   .            (no amulet)
rElec   .            (no ring)
rCorr   .            (no ring)
SInv    .            (no ring)
Will    .....        (no ring)
Stlth   +++          (no ring)
HPRegen 0.24/turn    (no ring)
MPRegen 0.11/turn    (no ring)
                     (no ring)

%: no passive effects
@: attractive, very slightly contaminated
A: almost no armour, amphibious, 8 rings, camouflage 1, gelatinous body 1,
(nimble swimmer 1), tentacles
a: no special abilities


You were on level 2 of the Dungeon.
You visited 1 branch of the dungeon, and saw 2 of its levels.

You collected 65 gold pieces.

Inventory:

Hand Weapons
 c - a +0 short sword (weapon)
Scrolls
 f - a scroll of teleportation {unknown}
 g - a scroll of blinking {unknown}


   Skills:
 - Level 1.3 Fighting
 - Level 2.0 Dodging
 - Level 2.6 Stealth
 + Level 2.7 Spellcasting
 + Level 0.8 Conjurations
 - Level 1.0 Transmutations
 + Level 0.9 Air Magic
 + Level 4.4 Poison Magic


You had 2 spell levels left.
You knew the following spells:

 Your Spells              Type           Power      Damage    Failure   Level
a - Sting                 Tmut/Pois      48%        1d5       5%          1
b - Poisonous Vapours     Pois/Air       24%        N/A       9%          2
c - Mephitic Cloud        Conj/Pois/Air  10%        N/A       21%         3

Your spell library contained the following spells:

 Spells                   Type           Power      Damage    Failure   Level
 Olgreb's Toxic Radiance  Pois           19%        N/A       26%         4


Dungeon Overview and Level Annotations

Branches:
Dungeon (2/15)

Altars:


Innate Abilities, Weirdness & Mutations

You cannot wear most types of armour.
You are amphibious.
You can wear up to eight rings at the same time.
Your skin changes colour to match your surroundings (Stealth+).
Your rubbery body absorbs attacks. (AC +1, EV +1)
((You are camouflaged when in or above water. (Stealth+)))
You have tentacles for arms and can constrict up to eight enemies at once.


Message History

You feel better. The kobold barely misses you. The rat bites you.
You closely miss the rat. You grab the rat. You constrict the rat.
The kobold barely misses you. The gnoll hits you with a +0 club.
* * * LOW HITPOINT WARNING * * *
The rat misses you.
You hit the kobold. You grab the kobold.
The kobold is severely wounded.
You constrict the kobold, but do no damage.
You constrict the rat.
You kill the rat!
The kobold escapes!
The gnoll barely misses you. The kobold is attracted toward you.
You hit the gnoll but do no damage. Your grab misses the gnoll.
You squeeze the gnoll.
The gnoll is moderately wounded.
A bat comes into view.
The gnoll closely misses you.
The kobold hits you with a +0 short sword.
* * * LOW HITPOINT WARNING * * *
The kobold hits itself with a +0 short sword.
The kobold is killed!
The bat is attracted toward you.
Casting: Mephitic Cloud (quite dangerous; 21% risk of failure)
Confirm with . or Enter, or press ? or * to list all spells.
Aiming: Sting (safe; 5% risk of failure)
Press: ? - help, Shift-Dir - straight line, f - gnoll
Aim: a gnoll, wielding a +0 club (moderately wounded, 75% to hit)
You miscast Sting.
You are very lightly contaminated with residual magic.
Nothing appears to happen.
The bat closely misses you. The gnoll hits you with a +0 club.
* * * LOW HITPOINT WARNING * * *
You hit the gnoll. You grab the gnoll.
The gnoll is heavily wounded.
You constrict the gnoll. The bat misses you. The gnoll misses you.
You hit the gnoll but do no damage.
The gnoll is heavily wounded.
You constrict the gnoll, but do no damage.
The bat completely misses you. The gnoll hits you with a +0 club.
You die...

#...........#
#...$.......#
####........#
.
#........#...
#............
#..))......#
##+#<####.###
#g)b......
##@....##
#....##
.....#
......#
.......#
....#####
..>.. #.....


You could see a gnoll and a bat.

Vanquished Creatures
  3 gnolls
  An adder (D:2)
  3 endoplasms
  A giant cockroach (D:1)
  A hobgoblin (D:1)
  7 kobolds
  3 ball pythons
  2 frilled lizards
  3 goblins (D:1)
  4 rats
28 creatures vanquished.

Notes
Turn   | Place    | Note
-------+----------+-------------------------------------------
     0 | D:1      | Ijustatesigmund the Octopode Venom Mage began the quest for
                  | the Orb.
     0 | D:1      | Reached XP level 1. HP: 11/11 MP: 3/3
   246 | D:1      | Reached XP level 2. HP: 18/18 MP: 5/5
   249 | D:1      | Learned a level 2 spell: Poisonous Vapours
   492 | D:1      | Reached skill level 1 in Fighting
   545 | D:1      | Reached skill level 4 in Poison Magic
   619 | D:1      | Reached XP level 3. HP: 13/23 MP: 4/6
   667 | D:1      | Learned a level 3 spell: Mephitic Cloud
   874 | D:1      | Found a faded altar of an unknown god.
  1135 | D:2      | HP: 1/23 [gnoll/+0 spear (10)]
  1136 | D:2      | Reached XP level 4. HP: 2/28 MP: 4/8
  1143 | D:2      | Slain by a gnoll

Illustrated notes

Levels and vault maps discovered:
D:1:      dreamdust_arrival_beginning_and_end, layout_loops_ring,
          dilly_ecumenical_altar_fadedgnrine
D:2:      layout_basic, minmay_misc_feat_columns, uniq_robin

Skill      XL: |  1  2 |
---------------+-------+-----
Fighting       | 1 |  1.3
Poison Magic   | 4 |  4.4
Dodging        | |  2.0
Stealth        | |  2.6
Spellcasting   | |  2.7
Conjurations   | |  0.8
Transmutations | |  1.0
Air Magic      | |  0.9

Action                     |  1- 3 |  4- 6 || total
---------------------------+-------+-------++-------
  Melee: Short sword       |    45 |     5 ||    50
         Constrict         |    16 |     3 ||    19
         Tentacles         |    11 |     1 ||    12
         Unarmed           |     2 |       ||     2
   Cast: Sting             |     4 |       ||     4
         Poisonous Vapours |     9 |       ||     9
         Mephitic Cloud    |     1 |       ||     1
    Use: Potion            |     4 |     1 ||     5
   Stab: Sleeping          |     2 |       ||     2
 Armour: Skin              |     1 |       ||     1
  Dodge: Dodged            |    38 |     9 ||    47

Table legend: (Time is in decaauts)
 A = Elapsed time spent in this place.
 B = Non-inter-level travel time spent in this place.
 C = Inter-level travel time spent in this place.
 D = Time resting spent in this place.
 E = Time spent auto-exploring this place.
 F = Levels seen in this place.
 G = Mean time per level.
                   A        B        C        D        E       F      G
               +--------+--------+--------+--------+--------+-----+--------+
         Total |   1142 |   1095 |     47 |    212 |    711 |   2 |  571.0 |
       Dungeon |   1142 |   1095 |     47 |    212 |    711 |   2 |  571.0 |
               +--------+--------+--------+--------+--------+-----+--------+

Top non-repeatable levels by time:
     D:1: 1025 daAuts
     D:2: 116 daAuts
